 Dungeon Crawl Stone Soup version 0.31-a0-188-g5e087ee2ca (webtiles) character file.

Game seed: 7684460550713981747

81 qw the Shooter (level 4, -2/25 HPs)
             Began as a Deep Elf Hunter on June 23, 2023.
             Slain by a gnoll
             ... wielding a +0 halberd
              (6 damage)
             ... on level 2 of the Dungeon.
             The game lasted 00:00:25 (1046 turns).

qw the Shooter (Deep Elf Hunter)                    Turns: 1046, Time: 00:00:25

Health: -2/25      AC:  3    Str: 10    XL:     4   Next: 20%
Magic:  6/6        EV: 12    Int: 14    God:
Gold:   47         SH:  0    Dex: 18    Spells: 3/3 levels left

rFire   . . .        Y - +0 shortbow
rCold   . . .        (shield currently unavailable)
rNeg    . . .        c - +0 leather armour
rPois   .            (no helmet)
rElec   .            (no cloak)
rCorr   .            (no gloves)
SInv    .            (no boots)
Will    .....        (no amulet)
Stlth   ++           (no ring)
HPRegen 0.24/turn    (no ring)
MPRegen 0.10/turn

%: no passive effects
@: no status effects
A: no striking features
a: no special abilities


You were on level 2 of the Dungeon.
You visited 1 branch of the dungeon, and saw 2 of its levels.

You collected 47 gold pieces.


   Skills:
 - Level 1.5 Fighting
 + Level 7.6 Ranged Weapons
 - Level 2.4 Dodging
 - Level 1.2 Stealth


You had 3 spell levels left.
You didn't know any spells.
Your spell library was empty.

Inventory:

Hand Weapons
 Y - a +0 shortbow (weapon)
Armour
 c - a +0 leather armour (worn)
Scrolls
 a - a scroll of teleportation {unknown}
 f - a scroll of identify
Potions
 e - a potion of lignification {unknown}
 g - a potion of invisibility {unknown}

Dungeon Overview and Level Annotations

Branches:
Dungeon (2/15)

Altars:


Message History

A gnoll comes into view. It is wielding a +0 flail.
You shoot an arrow. The arrow barely misses the gnoll.
The gnoll shouts!
A gnoll comes into view. It is wielding a +0 halberd.
You shoot an arrow. The arrow hits the gnoll.
The gnoll is heavily wounded.
The gnoll closely misses you.
You shoot an arrow. The arrow hits the gnoll.
The gnoll is severely wounded.
The gnoll closely misses you.
You shoot an arrow.
The arrow hits the gnoll but does no damage.
The gnoll is severely wounded.
The gnoll hits you from afar with a +0 halberd.
You shoot an arrow. The arrow barely misses the gnoll.
The arrow hits the gnoll.
The gnoll is heavily wounded.
The gnoll closely misses you.
You shoot an arrow. The arrow barely misses the gnoll.
The gnoll barely misses you.
You shoot an arrow. The arrow hits the gnoll!
You kill the gnoll!
The gnoll hits you from afar with a +0 halberd.
You have reached level 4!
You feel clever.
You shoot an arrow. The arrow hits the gnoll!
You kill the gnoll!
You shoot an arrow. The arrow closely misses the gnoll.
The gnoll hits you from afar with a +0 halberd.
The gnoll barely misses you.
You shoot an arrow. The arrow hits the gnoll!
The gnoll is heavily wounded.
The gnoll barely misses you.
You shoot an arrow. The arrow hits the gnoll.
The gnoll is severely wounded.
The gnoll barely misses you.
You shoot an arrow. The arrow closely misses the gnoll.
The gnoll hits you from afar with a +0 halberd!
You shoot an arrow. The arrow hits the gnoll.
The gnoll is severely wounded.
The gnoll hits you from afar with a +0 halberd.
You die...

#......### ####.#
...####.# ##..#.#
. #.#### #...)..
#....## #.....#
#####....###....##
.###
#.....##.#.....##
..<.)
#.######....%###
.....g#.# ##.....#
.....))@# ##...).#
..[....## #...<..#
....... #...###..#
....... #... ...#
....... ... %#.#
....?.. .# #. .#
....... .. .#
.....## .# .#


You could see a gnoll.

Vanquished Creatures
  3 gnolls (D:2)
  An adder (D:2)
  2 dart slugs (D:1)
  2 bats
  2 endoplasms (D:1)
  3 giant cockroaches (D:1)
  4 goblins
  3 hobgoblins (D:1)
  4 jackals (D:1)
  4 quokkas
  2 frilled lizards
  4 kobolds (D:1)
  4 rats (D:1)
38 creatures vanquished.

Notes
Turn   | Place    | Note
-------+----------+-------------------------------------------
     0 | D:1      | qw the Deep Elf Hunter began the quest for the Orb.
     0 | D:1      | Reached XP level 1. HP: 12/12 MP: 3/3
     0 | D:1      | 0 ||| qw: Version: 0.3-a-9-g12657ce
     0 | D:1      | 0 ||| qw: Game counter: 3387
     0 | D:1      | 0 ||| qw: Always use a shield: true
     0 | D:1      | 0 ||| qw: God list: Okawaru
     0 | D:1      | 0 ||| qw: Allow faded altars: false
     0 | D:1      | 0 ||| qw: Do Orc after D:15 true
     0 | D:1      | 0 ||| qw: Do second Lair branch before Depths: true
     0 | D:1      | 0 ||| qw: Lair rune preference: random
     0 | D:1      | 0 ||| qw: Plans: Normal
     0 | D:1      | 0 ||| PLANNING D:1-11
    36 | D:1      | HP: 3/12 [hobgoblin (2)]
    98 | D:1      | Reached XP level 2. HP: 12/16 MP: 4/4
   147 | D:1      | Reached skill level 6 in Ranged Weapons
   204 | D:1      | HP: 3/16 [jackal (2)]
   449 | D:1      | Reached XP level 3. HP: 20/20 MP: 5/5
   800 | D:1      | 800 ||| READING scroll labelled KATWOM YCO TEC.
   836 | D:1      | 836 ||| READING 2 scrolls labelled ROROENIQI.
   837 | D:1      | 837 ||| READING 4 scrolls labelled XAREMA FYZUT.
   938 | D:1      | 938 ||| READING scroll labelled GIGI JIBLEOTT.
   939 | D:1      | 939 ||| DROPPING scroll of butterflies.
   940 | D:1      | 940 ||| DROPPING 3 scrolls of silence.
   977 | D:2      | 977 ||| DROPPING +2 sling of flaming.
   985 | D:2      | Reached skill level 7 in Ranged Weapons
  1041 | D:2      | Reached XP level 4. HP: 14/25 MP: 6/6
  1045 | D:2      | HP: 4/25 [gnoll/+0 halberd (7)]
  1046 | D:2      | Slain by a gnoll

Levels and vault maps discovered:
D:1:      wheals_arrival_shading, layout_loops_ring, minmay_ruptured
D:2:      layout_rooms

Skill      XL: |  1  2  3 |
---------------+----------+-----
Ranged Weapons | 6 7 |  7.6
Fighting       | |  1.5
Dodging        | |  2.4
Stealth        | |  1.2

Action                     |  1- 3 |  4- 6 || total
---------------------------+-------+-------++-------
   Fire: Shortbow          |   102 |     6 ||   108
    Use: Scroll            |     4 |       ||     4
 Armour: Leather armour    |    12 |       ||    12
  Dodge: Dodged            |    25 |     3 ||    28

Table legend:
 A = Non-vault XP
 B = Vault XP
 C = Vault XP percentage of total XP
 D = Non-vault monster count
 E = Vault monster count
 F = Vault count percentage of total count
                 A         B        C        D         E       F
            +---------+---------+-------+---------+---------+-------
      Total |     110 |       7 |   6.0 |      34 |       4 |  10.5
            +---------+---------+-------+---------+---------+-------
        D:1 |      45 |       7 |  13.5 |      24 |       4 |  14.3
        D:2 |      65 |       0 |   0.0 |      10 |       0 |   0.0
            +---------+---------+-------+---------+---------+-------
